 Dungeon Crawl Stone Soup version 0.17-a0-473-gfd9ac06 (webtiles) character file.

199 Kisielow the Skirmisher (level 5, -9/48 HPs)
             Began as a Minotaur Fighter on Apr 7, 2015.
             Killed by divine providence
             ... invoked by an orc priest
              (13 damage)
             ... on level 3 of the Dungeon.
             The game lasted 00:05:41 (1998 turns).

Kisielow the Skirmisher (Minotaur Fighter)          Turns: 1998, Time: 00:05:42

Health: -9/48      AC:  7    Str: 21    XL:     5   Next: 48%
Magic:  4/4        EV:  4    Int:  5    God:
Gold:   110        SH: 11    Dex: 15    Spells: 0 memorised, 4 levels left

rFire  + . .     SeeInvis .     a - +0 long sword
rCold  + . .     Clarity  .     b - +0 scale mail
rNeg   . . .     SustAb   .     c - +1 shield
rPois  +         Gourm    .     (helmet restricted)
rElec  +         Spirit   .     (no cloak)
rCorr  +         Warding  .     (no gloves)
rMut   .         Stasis   .     (no boots)
MR     .....                    (no amulet)
Stlth  ..........               (no ring)
                                k - +5 ring of dexterity

@: resistant, constricted, not resistant to hostile enchantments, extremely
unstealthy
A: retaliatory headbutt, horns 2
a: no special abilities


You were on level 3 of the Dungeon.
You were not hungry.

You visited 1 branch of the dungeon, and saw 3 of its levels.

You collected 110 gold pieces.

Inventory:

Hand weapons
 a - a +0 long sword (weapon)
Armour
 b - a +0 scale mail (worn)
 c - a +1 shield (worn)
Jewellery
 k - a +5 ring of dexterity (left hand)
Magical devices
 l - a wand of teleportation (8)
Scrolls
 i - a scroll of random uselessness {unknown}
 j - a scroll of identify
 s - a scroll of remove curse
Potions
 e - a potion of might
 f - a potion of magic
 m - a potion of resistance
 q - a potion of invisibility
 r - a potion of haste
Comestibles
 d - 3 bread rations
 g - a meat ration
 n - 2 beef jerkies
 o - 11 chunks of flesh
 p - a slice of pizza


   Skills:
 * Level 5.0 Fighting
 * Level 3.6 Long Blades
 * Level 4.9 Armour
 * Level 5.0 Shields


You had 4 spell levels left.
You didn't know any spells.

Dungeon Overview and Level Annotations

Branches:
Dungeon (3/15)

Altars:


Innate Abilities, Weirdness & Mutations

You reflexively headbutt those who attack you in melee.
You have a pair of horns on your head.


Message History

It was a potion of resistance.
You feel protected. The orc priest hits you with a whip.
* * * LOW HITPOINT WARNING * * *
The ball python bites you but does no damage.
The ball python constricts you. You block the orc's attack.
The orc hits you but does no damage.
Drink which item? (? for menu, Esc to quit)
It was a potion of poison.
You feel slightly nauseous. You block the ball python's attack.
The ball python constricts you. You block the orc priest's attack.
You block the orc's attack. The orc barely misses you. You furiously retaliate!
You headbutt the orc. You hit the orc priest.
Your headbutt misses the orc priest.
The orc priest is severely wounded.
You block the ball python's attack.
* * * LOW HITPOINT WARNING * * *
The ball python constricts you.
The orc priest calls down the wrath of Beogh upon you.
Something smites you!
You die...

#.........#
#.........#
#.........# .
#.........# .. ###
#......>..# ..
#..[####.........#
.. #..............#
#### ...
#.....ooS......####
#... .#
#.....o@.......)..#
#... ##
##....####....###.#
#... # #....#
#....# #.# #... #
#....# #(...# #.#
#... # #.....
#....# #.# #... #
......
#..(.###.###... #
#.....
#....).#....... #
... #....#.#####...
# #^...#.# #.....


You could see an orc priest, 2 orcs and a ball python.

Vanquished Creatures
  An orc priest (D:3)
  2 hounds (D:2)
  5 adders
  A gnoll (D:2)
  A worm (D:2)
  An ooze (D:3)
  4 orcs (D:3)
  A ball python (D:2)
  A giant cockroach (D:2)
  7 goblins
  5 hobgoblins
  4 jackals (D:3)
  4 kobolds
  4 bats
  A giant gecko (D:3)
  3 giant newts
  4 rats
  A bush (D:1)
  A plant (D:1)
51 creatures vanquished.

Notes
Turn   | Place    | Note
--------------------------------------------------------------
     0 | D:1      | Kisielow, the Minotaur Fighter, began the quest for the Orb.
     0 | D:1      | Reached XP level 1. HP: 19/19 MP: 0/0
   575 | D:1      | Reached XP level 2. HP: 27/27 MP: 1/1
   587 | D:1      | Reached skill level 4 in Fighting
   944 | D:2      | Reached XP level 3. HP: 25/34 MP: 2/2
  1176 | D:2      | Reached XP level 4. HP: 33/41 MP: 3/3
  1791 | D:3      | Reached XP level 5. HP: 47/47 MP: 4/4
  1988 | D:3      | Reached skill level 5 in Fighting
  1988 | D:3      | Reached skill level 5 in Shields
  1998 | D:3      | Killed from afar by an orc priest

Action                   |  1- 3 |  4- 6 || total
-------------------------+-------+-------++-------
Melee: Long sword        |   133 |    62 ||   195
  Use: Scroll            |       |     9 ||     9
       Potion            |       |     2 ||     2
  Eat: Chunk             |     1 |     3 ||     4
